 Dungeon Crawl Stone Soup version 0.29.1-12-g30fa7ad0bf (webtiles) character file.

Game seed: 8732672052729323086

60 Ihaveafatcat the Trooper (level 3, 0/33 HPs)
             Began as a Minotaur Fighter on Jan 12, 2023.
             Succumbed to an adder's poison
             ... on level 2 of the Dungeon.
             The game lasted 00:02:01 (1220 turns).

Ihaveafatcat the Trooper (Minotaur Fighter)         Turns: 1220, Time: 00:02:02

Health: 0/33       AC:  7    Str: 21 (22) XL:     3   Next: 82%
Magic:  2/2        EV:  9    Int:  3 (5)  God:
Gold:   75         SH:  4    Dex:  7 (9)  Spells: 2/2 levels left

rFire   + . .      SeeInvis .   a - +0 war axe
rCold   + . .      Faith    .   c - +0 buckler
rNeg    . . .      Spirit   .   b - +0 scale mail
rPois   +          Reflect  .   (helmet restricted)
rElec   +          Harm     .   (no cloak)
rCorr   +          Rampage  .   (no gloves)
Will    .....                   (no boots)
Stlth   ..........              (no amulet)
HPRegen 0.11/turn               (no ring)
MPRegen 0.08/turn               (no ring)

@: lethally poisoned (0 -> 0), resistant, hasted, very quick
A: horns 2, retaliatory headbutt
a: no special abilities


You were on level 2 of the Dungeon.
You visited 1 branch of the dungeon, and saw 2 of its levels.

You collected 75 gold pieces.

Inventory:

Hand Weapons
 a - a +0 war axe (weapon)
Armour
 b - a +0 scale mail (worn)
 c - a +0 buckler (worn)
Jewellery
 l - a ring of willpower
Scrolls
 e - a scroll of identify
 h - a scroll of torment {unknown}
 i - a scroll of enchant weapon {unknown}
 k - a scroll of amnesia {unknown}
Potions
 d - a potion of might
 j - a potion of haste


   Skills:
 + Level 4.1 Fighting
 + Level 3.0 Axes
 + Level 1.3 Throwing
 + Level 4.1 Armour
 + Level 4.0 Shields
 + Level 1.0 Evocations


You had 2 spell levels left.
You didn't know any spells.
Your spell library contained the following spells:

 Spells                   Type           Power      Damage    Failure   Level
 Gell's Gravitas          Tloc           0%         N/A       99%         3
 Teleport Other           Tloc           0%         N/A       99%         3
 Dispersal                Tloc           0%         N/A       100%        6


Dungeon Overview and Level Annotations

Branches:
Dungeon (2/15)

Altars:

Shops:
D:2 [


Innate Abilities, Weirdness & Mutations

You have a pair of horns on your head.
You reflexively headbutt those who attack you in melee.


Message History

The adder poisons you!
You feel sick. The adder bites you but does no damage.
You closely miss the adder. Your headbutt misses the adder.
The adder is severely wounded.
You feel sick.
The adder bites you but does no damage. x2
You barely miss the adder. You headbutt the adder.
The adder is almost dead.
You feel sick. The adder completely misses you.
You closely miss the adder.
The adder is almost dead.
You feel sick. The adder barely misses you. The adder bites you.
* * * LOW HITPOINT WARNING * * *
You are lethally poisoned!
The adder poisons you!
It was a potion of haste.
You feel yourself speed up.
* * * LOW HITPOINT WARNING * * *
You feel sick. The adder barely misses you.
It was a potion of degeneration.
There was something very wrong with that liquid.
You feel weakened.
You feel dopey.
You feel clumsy.
* * * LOW HITPOINT WARNING * * *
You feel sick. The adder bites you but does no damage.
You closely miss the adder.
The adder is almost dead.
* * * LOW HITPOINT WARNING * * *
You feel sick. The adder bites you but does no damage.
You slash the adder!
You kill the adder!
* * * LOW HITPOINT WARNING * * *
You feel sick.
Your Axes skill increases to level 3!
Your Evocations skill increases to level 1!
* * * LOW HITPOINT WARNING * * *
You feel sick.
* * * LOW HITPOINT WARNING * * *
You feel sick.
You feel protected.
* * * LOW HITPOINT WARNING * * *
You feel sick.
You die...

#.#............#####
# #.######.####.##
#.# #.# #.# #.# #.#
#.# #.# #.# #.# #.#
#.# #.# ####.# #.#
#.# .....# #.# #.#
###### #.# #@# #.#
#.# #.####.###
#..†.....#####
#####.........
#....)....#..
#.####..#.# # ......
....##.


There were no monsters in sight!

Vanquished Creatures
  2 adders (D:2)
  A worm (D:2)
  A dart slug (D:2)
  4 ball pythons
  2 bats
  2 endoplasms (D:1)
  2 giant cockroaches
  5 goblins
  5 hobgoblins
  3 quokkas (D:2)
  3 frilled lizards
  4 rats
34 creatures vanquished.

Notes
Turn   | Place    | Note
-------+----------+-------------------------------------------
     0 | D:1      | Ihaveafatcat the Minotaur Fighter began the quest for the
                  | Orb.
     0 | D:1      | Reached XP level 1. HP: 19/19 MP: 0/0
   146 | D:1      | Reached XP level 2. HP: 24/27 MP: 1/1
   494 | D:1      | Found a faded altar of an unknown god.
   904 | D:2      | Found Zouvacle's Antique Armour Boutique.
  1030 | D:2      | Reached skill level 1 in Throwing
  1034 | D:2      | Reached XP level 3. HP: 29/33 MP: 2/2
  1216 | D:2      | Reached skill level 1 in Evocations
  1219 | D:2      | HP: 1/33 [poisoned by an adder]
  1220 | D:2      | Succumbed to an adder's poison

Illustrated notes

Levels and vault maps discovered:
D:1:      giann_forest_graveyard, layout_basic, shapermc_ecumenical_altar_venn,
          serial_park_tiny_pond, chequers_serial_rivers_small_a, minivault_19
D:2:      layout_loops_ring, serial_shops, shop_statue, st_stairs_9

Skill      XL: |  1  2  3 |
---------------+----------+-----
Throwing       | 1 |  1.3
Fighting       | 4 |  4.1
Armour         | 4 |  4.1
Shields        | 4 |  4.0
Axes           | 3 |  3.0
Evocations     | 1 |  1.0

Action                   || total
-------------------------++-------
Melee: War axe           ||    63
       Headbutt          ||     4
  Use: Scroll            ||     1
       Potion            ||     3
Armor: Scale mail        ||    27
Dodge: Dodged            ||    32
Block: Buckler           ||    11
